cohdb
Replays
Latest Replays
All Replays
Popular Replays
Top Player Replays
Match Explorer
How It Works
Community
CoH3 Stats
Reddit
Sign in to upload your games and track your stats! →
Sign in with Steam
Match 46997710
Unlisted
Match 46997710
Overview
Messages
Build Orders
End
Construct Weapon Support Center
Selects Heavy Weapons
Bazooka Squad
M1919 Machine Gun Team
Engineer Squad
Construct Barracks
Riflemen Squad
Selects M2HB .50cal Heavy Machine Gun
Grenade Package
M1919 Machine Gun Team
Selects Assault Carriers
Mechanized Support Center
Riflemen Squad
Riflemen Squad
Nukepapa
SSo^JeaN
Fishin
Bc124
0
0
Comments
sign in to comment!
No comments posted yet!